 Dungeon Crawl Stone Soup version 0.19.6-3-g7d5932f76a (webtiles) character file.

54 Morbidden the Firebug (level 3, -1/24 HPs)
             Began as a Demonspawn Fire Elementalist on Nov 3, 2020.
             Slain by an orc
             ... wielding a +0 flail
              (6 damage)
             ... on level 2 of the Dungeon.
             The game lasted 00:04:12 (2039 turns).

Morbidden the Firebug (DsFE)                        Turns: 2039, Time: 00:04:13

Health: -1/24      AC:  5    Str:  8    XL:     3   Next: 66%
Magic:  0/7        EV: 12    Int: 17    God:
Gold:   103        SH:  0    Dex: 13    Spells: 1 memorised, 6 levels left

rFire  . . .     SeeInvis .     j - +0 short sword
rCold  . . .     Gourm    .     a - +0 robe
rNeg   . . .     Faith    .     (no shield)
rPois  .         Spirit   +     (no helmet)
rElec  .         Reflect  .     r - +0 cloak
rCorr  .         Harm     .     (no gloves)
MR     .....                    (no boots)
Stlth  +++.......               h - amulet of guardian spirit
                                (no ring)
                                (no ring)

@: flying
A: slimy green scales 1, nightstalker 1
a: no special abilities


You were on level 2 of the Dungeon.
You were not hungry.

You visited 1 branch of the dungeon, and saw 3 of its levels.

You collected 103 gold pieces.

Inventory:

Hand Weapons
 j - a +0 short sword (weapon)
Armour
 a - a +0 robe (worn)
 r - a +0 cloak (worn)
Jewellery
 h - an amulet of guardian spirit (around neck)
Scrolls
 d - a scroll of noise {unknown}
 e - 2 scrolls of teleportation {unknown}
 l - a scroll of amnesia {unknown}
 o - a scroll of remove curse {unknown}
 s - a scroll of fear {unknown}
Potions
 f - a potion of haste {unknown}
 g - a potion of curing {unknown}
 i - a potion of magic {unknown}
 k - a potion of flight
 m - a potion of agility {unknown}
 n - a potion of lignification {unknown}
 p - a potion of degeneration {unknown}
Books
 b - a book of Flames

   Spells                             Type                      Level
   a - Flame Tongue                   Conjuration/Fire             1
   b - Throw Flame                    Conjuration/Fire             2
   c - Conjure Flame                  Conjuration/Fire             3
   d - Inner Flame                    Hexes/Fire                   3
   e - Sticky Flame                   Conjuration/Fire             4
   f - Fireball                       Conjuration/Fire             5
Comestibles
 c - a bread ration
 q - a meat ration
 t - 2 chunks of flesh


   Skills:
 * Level 0.2 Fighting
 + Level 2.0 Dodging
 + Level 1.9 Stealth
 * Level 2.7 Spellcasting
 * Level 2.0 Conjurations
 + Level 3.0 Fire Magic


You had 6 spell levels left.
You knew the following spells:

 Your Spells              Type           Power        Failure   Level  Hunger
a - Flame Tongue          Conj/Fire      ##...        10%         1    #......


Dungeon Overview and Level Annotations

Branches:
Dungeon (3/15)

Altars:
Sif Muna


Innate Abilities, Weirdness & Mutations

You are partially covered in slimy green scales. (AC +2)
You are slightly more attuned to the shadows.


Message History

The orc priest hits you with a dagger.
An adder comes into view.
There is a stone staircase leading up here.
Unknown command.
The orc hits you with a flail!
The orc wizard gestures wildly while chanting.
The orc wizard blinks!
The orc throws a tomahawk.
The tomahawk hits you.
The orc priest calls down the wrath of Beogh upon you.
Pain shoots through your body!
* * * LOW HITPOINT WARNING * * *
You climb upwards.
There is a stone staircase leading down here.
Unknown command.
Okay, then.
It was a potion of flight.
You feel very buoyant.
You fly up into the air.
The orc priest hits you but does no damage.
The orc hits you with a flail!
You die...

#......#.).##....# #.### #.....
..#####..........## #...# #.....
### #............# ###.###.....
## #............# #...##.... .#
#............# ###.###... .##
##..........## #.# #...
..######...##....# #.# #...
#................##### #.# #...
#########.######@o...#####^###...
##.###..o[................
###......##.#########.###...
###....####...# #.# #...
####...#### #..######## #.###...
......## #.........####...#...
##.#### #########...####.#...
##.# ###......#### ...# #####..#


You could see an orc priest and an orc.

Vanquished Creatures
  An adder (D:2)
  A worm (D:2)
  4 dart slugs
  4 leopard geckos
  A giant cockroach (D:1)
  3 goblins
  3 hobgoblins
  A quokka (D:2)
  4 bats
  3 frilled lizards (D:1)
  4 kobolds (D:1)
  3 rats
32 creatures vanquished.

Notes
Turn   | Place    | Note
-------+----------+-------------------------------------------
     0 | D:1      | Morbidden the Demonspawn Fire Elementalist began the quest for the Orb.
     0 | D:1      | Reached XP level 1. HP: 13/13 MP: 3/3
   334 | D:1      | Gained mutation: You are slightly more attuned to the shadows. [demonic ancestry]
   334 | D:1      | Reached XP level 2. HP: 12/19 MP: 1/5
  1226 | D:2      | Gained mutation: You are partially covered in slimy green scales. (AC +2) [demonic ancestry]
  1226 | D:2      | Reached XP level 3. HP: 21/24 MP: 2/6
  1313 | D:2      | Found a deep blue altar of Sif Muna.
  1427 | D:2      | Reached skill level 3 in Fire Magic
  2039 | D:2      | Slain by an orc

Skill      XL: |  1  2  3 |
---------------+----------+-----
Dodging        | 2 |  2.0
Fire Magic     | 3 |  3.0
Conjurations   | 2 |  2.0
Fighting       | |  0.2
Stealth        | |  1.9
Spellcasting   | |  2.7

Action                   || total
-------------------------++-------
Melee: Unarmed           ||    20
       Short sword       ||    15
 Cast: Flame Tongue      ||    58
  Use: Potion            ||     1
 Stab: Sleeping          ||     2
  Eat: Chunk             ||     4
Armor: Robe              ||    10
Dodge: Dodged            ||    44
